 Dungeon Crawl Stone Soup version 0.27-a0-1083-gcf8293e1eb (webtiles) character file.

Game seed: 7816531016629695807

4168 Bapho the Grappler (level 10, -1/77 (88) HPs)
             Began as a Troll Monk on Apr 26, 2021.
             Was an Elder of Yredelemnul.
             Slain by a wight
             ... wielding a +1 war axe
              (2 damage)
             ... on level 9 of the Dungeon.
             The game lasted 00:15:01 (7411 turns).

Bapho the Grappler (Troll Monk)                     Turns: 7411, Time: 00:15:02

HP:   -1/77 (88)    AC:  5    Str: 22    XL:     10   Next: 7%
MP:   11/11         EV: 10    Int:  8    God:    Yredelemnul [****..]
Gold: 447           SH:  0    Dex: 12    Spells: 9/9 levels left

rFire    . . .     SeeInvis .     - Unarmed
rCold    . . .     Faith    .   (no shield)
rNeg     . . .     Spirit   .   a - +0 robe
rPois    .         Reflect  .   (helmet restricted)
rElec    .         Harm     .   q - +0 cloak
rCorr    .         Rampage  .   (gloves unavailable)
Will     .....                  (boots unavailable)
Stlth    ++........             (no amulet)
HPRegen  1.22/turn              g - ring of flight
MPRegen  0.12/turn              r - +4 ring of slaying

@: flying, heavily drained
A: large, unfitting armour, claws 3, regeneration 1, shaggy fur 1, tough skin 1
a: Renounce Religion, Recall Undead Slaves, Injury Mirror, Animate Dead, Drain
Life


You were on level 9 of the Dungeon.
You worshipped Yredelemnul.
Yredelemnul was greatly pleased with you.
You visited 2 branches of the dungeon, and saw 10 of its levels.
You also visited: Sewer.

You collected 447 gold pieces.

Inventory:

Missiles
 b - 259 stones (quivered)
 f - 8 curare-tipped darts
 F - 3 throwing nets
Armour
 a - a +0 robe (worn)
 q - a +0 cloak (worn)
Jewellery
 g - a ring of flight (left claw)
 r - a +4 ring of slaying (right claw)
 v - a ring of fire
 G - a ring of protection from fire
 H - a +6 ring of dexterity
 I - a ring of willpower
 J - an amulet of magic regeneration
Wands
 k - a wand of flame (16)
 t - a wand of polymorph (14)
 E - a wand of iceblast (9)
 K - a wand of acid (5)
Scrolls
 h - 7 scrolls of teleportation
 p - 2 scrolls of enchant weapon
 s - a scroll of fog {unknown}
 w - 2 scrolls of amnesia
 x - a scroll of immolation {unknown}
 y - a scroll of fear {unknown}
 z - 2 scrolls of enchant armour {unknown}
 B - a scroll of holy word {unknown}
 C - a scroll of blinking {unknown}
 D - 2 scrolls of acquirement {unknown}
Potions
 c - a potion of magic
 d - 2 potions of heal wounds
 e - 2 potions of brilliance
 i - 5 potions of curing
 j - 3 potions of haste
 l - a potion of mutation {unknown}
 m - a potion of berserk rage
 n - 3 potions of flight
 o - a potion of degeneration
 u - 3 potions of lignification
 A - a potion of might


   Skills:
 - Level 2.4 Fighting
 - Level 2.4 Dodging
 - Level 1.0 Stealth
 * Level 13.9 Unarmed Combat
 - Level 2.6 Invocations


You had 9 spell levels left.
You didn't know any spells.
Your spell library contained the following spells:

 Spells                   Type           Power      Damage    Failure   Level
 Corona                   Hex            0%         N/A       41%         1
 Summon Small Mammal      Summ           0%         N/A       41%         1
 Call Imp                 Summ           0%         N/A       54%         2
 Slow                     Hex            0%         N/A       54%         2
 Call Canine Familiar     Summ           0%         N/A       78%         3
 Inner Flame              Hex/Fire       0%         N/A       78%         3
 Portal Projectile        Hex/Tloc       0%         N/A       78%         3
 Summon Guardian Golem    Hex/Summ       0%         N/A       78%         3
 Cause Fear               Hex            0%         N/A       99%         4
 Leda's Liquefaction      Hex/Erth       0%         N/A       99%         4
 Summon Ice Beast         Ice/Summ       0%         N/A       99%         4
 Summon Lightning Spire   Summ/Air       0%         N/A       99%         4


Dungeon Overview and Level Annotations

Branches:
Dungeon (9/15)             Temple (1/1) D:5            Lair (0/6) D:8
    Orc (0/2) D:9           Sewer (visited)

Altars:
Elyvilon
Fedhas
Hepliaklqana
Kikubaaqudgha
Makhleb
Qazlal
Ru
Yredelemnul
Zin
The Shining One
Beogh

Shops:
D:4 *   D:5 *

Annotations:
D:4 2 transporters
D:5 3 runed translucent doors, Loefaen's ghost, weakling TeDe; anet's ghost, amateur GnHu; glosham's ghost, weakling DjDe


Innate Abilities, Weirdness & Mutations

You are too large for most types of armour.
You have claws for hands.
Your natural rate of healing is unusually fast.
You are covered in fur. (AC +1)
You have tough skin. (AC +1)


Message History

You barely miss the wight.
The wight is almost destroyed.
The wight hits you with a +4 war axe of freezing!
The wight freezes you.
Your flying skull hits the wight.
The wight is destroyed!
Yredelemnul accepts your kill.
You claw the wight!
The wight is severely damaged.
The wight barely misses you. The wight closely misses you.
The wight hits you with a +4 dagger of freezing!
The wight freezes you. The wight barely misses you.
The wight hits your flying skull but does no damage.
You are too injured to fight recklessly!
You are too injured to fight recklessly!
You scratch the wight.
The wight is lightly damaged.
The wight hits you with a +1 war axe.
Your flying skull hits the wight but does no damage.
The wight hits you with a +2 long sword of freezing!
You feel drained. The wight freezes you.
The wight hits you with a +4 dagger of freezing!
* * * LOW HITPOINT WARNING * * *
You feel drained.
* * * LOW HITPOINT WARNING * * *
The wight freezes you.
* * * LOW HITPOINT WARNING * * *
You barely miss the wight.
The wight is lightly damaged.
Your flying skull closely misses the wight.
The wight hits you with a +4 war axe of freezing!
* * * LOW HITPOINT WARNING * * *
You feel drained. The wight freezes you.
* * * LOW HITPOINT WARNING * * *
The wight barely misses your flying skull.
Your flying skull barely misses the wight.
The wight hits you with a +1 war axe!
* * * LOW HITPOINT WARNING * * *
You feel drained.
You die...
Your body rises from the dead as a mindless zombie.

....# ....# #........ ....#
#.......# ....# #.......# ....#
#.....(.# ....##### #...(...#
...M..#.#######.......#
......#.......#zzz....+
......#.......#z@.....#
......#.......'zz.....#
......'......########## #####
......####...#..............#....
####.....#####..............#....
...#.....#...#..............#..).
...#.....#...#..............#.)))
...#.....#...#..............###)#
...#.....#...#.................))


You could see 4 wights and 2 friendly flying skulls.

Vanquished Creatures
  Harold (D:8)
  Grinder (D:5)
  Eustachio (D:5)
  Edmund (D:5)
  2 orc warriors
  A necrophage (D:6)
  3 ogres
  2 phantoms (D:5)
  A bullfrog (D:8)
  2 scorpions
  A bullfrog zombie (D:5)
  6 orc priests
  3 centaur zombies
  4 hounds
  Jessica (D:3)
  5 iguanas
  Ijyb (D:3)
  3 orc wizards
  2 howler monkey skeletons
  A howler monkey zombie (D:7)
  3 gnolls (D:5)
  12 adders
  A river rat (D:5)
  An ufetubus (D:5)
  2 adder skeletons (D:4)
  9 worms
  A dart slug (D:1)
  18 orcs
  16 bats
  10 endoplasms
  8 giant cockroaches
  17 goblins
  10 hobgoblins
  19 jackals
  9 kobolds
  6 quokkas
  5 ball pythons
  6 frilled lizards
  9 rats
204 creatures vanquished.

Vanquished Creatures (collateral kills)
  A two-headed ogre (D:9)
  A komodo dragon (D:8)
  Duvessa (D:5)
  2 ice beasts (D:6)
  2 orc warriors
  2 centaurs
  A bullfrog (D:8)
  Dowan (D:5)
  A wight (D:9)
  A howler monkey (D:8)
  A jelly (D:6)
  A bullfrog skeleton (D:6)
  An iguana (D:7)
  An orc wizard (D:7)
  A howler monkey zombie (D:6)
  4 gnolls (D:5)
  A white imp (D:7)
  21 orcs
  A quokka (D:5)
45 creatures vanquished.

Vanquished Creatures (others)
  6 plants
  5 withered plants
11 creatures vanquished.

Grand Total: 260 creatures vanquished

Notes
Turn   | Place    | Note
-------+----------+-------------------------------------------
     0 | D:1      | Bapho the Troll Monk began the quest for the Orb.
     0 | D:1      | Reached XP level 1. HP: 22/22 MP: 0/0
   128 | D:1      | Reached XP level 2. HP: 29/29 MP: 1/1
   249 | D:1      | Reached skill level 4 in Unarmed Combat
   300 | D:1      | Reached XP level 3. HP: 35/36 MP: 2/2
   361 | D:1      | Found a faded altar of an unknown god.
   772 | D:2      | Noticed a scorpion
   779 | D:2      | Reached skill level 5 in Unarmed Combat
   779 | D:2      | Reached XP level 4. HP: 38/44 MP: 3/3
   782 | D:2      | Killed a scorpion
   830 | D:2      | Reached XP level 5. HP: 50/50 MP: 4/4
  1168 | D:2      | Reached skill level 6 in Unarmed Combat
  1303 | D:2      | Found an ancient bone altar of Kikubaaqudgha.
  1518 | D:3      | Noticed Ijyb
  1527 | D:3      | Killed Ijyb
  1723 | D:3      | Noticed Jessica
  1735 | D:3      | Killed Jessica
  1807 | D:3      | Reached XP level 6. HP: 59/59 MP: 5/5
  2031 | D:3      | Reached skill level 7 in Unarmed Combat
  2276 | D:4      | Found a basalt altar of Yredelemnul.
  2280 | D:4      | Found a transporter.
  2419 | D:4      | Became a worshipper of Yredelemnul the Dark
  2419 | D:4      | Reached * piety under Yredelemnul
  2419 | D:4      | Reached ** piety under Yredelemnul
  2460 | D:4      | Found a stormy altar of Qazlal.
  2538 | D:4      | Found a transporter.
  2546 | D:4      | Reached skill level 8 in Unarmed Combat
  2546 | D:4      | Reached XP level 7. HP: 57/66 MP: 6/6
  2560 | D:4      | Reached skill level 1 in Invocations
  2602 | D:4      | Found Zadoatat's General Store.
  2767 | D:4      | Found a blossoming altar of Fedhas.
  3079 | D:5      | Entered Level 5 of the Dungeon
  3183 | D:5      | Found a staircase to the Ecumenical Temple.
  3244 | Temple   | Entered the Ecumenical Temple
  3312 | D:5      | Reached skill level 9 in Unarmed Combat
  3315 | D:5      | Found a glowing drain.
  3328 | Sewer    | Entered a sewer
  3472 | Sewer    | Reached *** piety under Yredelemnul
  3918 | D:5      | Noticed Edmund
  3934 | D:5      | Killed Edmund
  3935 | D:5      | Reached XP level 8. HP: 65/74 MP: 9/9
  3945 | D:5      | Found a runed translucent gate.
  3946 | D:5      | Found a runed translucent gate.
  3948 | D:5      | Found a runed translucent gate.
  3961 | D:5      | Noticed glosham's ghost (weakling DjDe)
  3961 | D:5      | Noticed anet's ghost (amateur GnHu)
  3961 | D:5      | Noticed Loefaen's ghost (weakling TeDe)
  3964 | D:5      | Noticed Eustachio
  3991 | D:5      | Killed Eustachio
  3991 | D:5      | Received a gift from Yredelemnul (2 flying skulls)
  3992 | D:5      | Reached skill level 10 in Unarmed Combat
  4053 | D:5      | Noticed Grinder
  4065 | D:5      | Killed Grinder
  4130 | D:5      | Noticed Duvessa
  4130 | D:5      | Noticed Dowan
  4131 | D:5      | Found Lapuigophi's Assorted Antiques.
  4141 | D:5      | Killed Duvessa
  4143 | D:5      | Killed Dowan
  4318 | D:5      | Found a glowing golden altar of the Shining One.
  4318 | D:5      | Found a white marble altar of Elyvilon.
  4319 | D:5      | Found a glowing silver altar of Zin.
  4355 | D:5      | Reached skill level 11 in Unarmed Combat
  4670 | D:6      | Received a gift from Yredelemnul (a mummy)
  4674 | D:6      | Reached **** piety under Yredelemnul
  4677 | D:6      | Reached XP level 9. HP: 52/80 MP: 10/10
  5274 | D:7      | Reached skill level 12 in Unarmed Combat
  5485 | D:7      | Found a hazy altar of Hepliaklqana.
  5485 | D:7      | Found a burning altar of Makhleb.
  5486 | D:7      | Found a sacrificial altar of Ru.
  6229 | D:8      | Noticed Harold
  6242 | D:8      | Killed Harold
  6243 | D:8      | Reached skill level 13 in Unarmed Combat
  6322 | D:8      | Found a staircase to the Lair.
  6323 | D:8      | Noticed a komodo dragon
  6344 | D:8      | Killed a komodo dragon
  7053 | D:9      | Found a staircase to the Orcish Mines.
  7313 | D:9      | Noticed a two-headed ogre
  7320 | D:9      | Killed a two-headed ogre
  7321 | D:9      | Reached XP level 10. HP: 60/88 MP: 11/11
  7411 | D:9      | HP: 1/79 [wight/+1 war axe (8)]
  7411 | D:9      | Slain by a wight

Illustrated notes

Levels and vault maps discovered:
D:1:      denvon_arrival_planthouse, layout_rooms,
          shapermc_ecumenical_altar_hornbeckon
D:2:      layout_loops_ring, basic_altar, minmay_circle_x
D:3:      cheibrodos_greedy_goblins, layout_rooms, serial_glass,
          glass_columns_b, glass_columns_b, glass_columns_a, glass_columns_a,
          glass_columns_a, glass_columns_a, uniq_ijyb, uniq_jessica
D:4:      gammafunk_wand_slinger, layout_rooms, yredelemnul_altar_generic,
          nicolae_qazlal_scattered_showers, fedhas_ov_isle_minmay, serial_shops,
          shop
D:5:      layout_basic, good_gods_temple_1, minmay_temple_entry_wispy,
          gammafunk_ghost_cemetery, serial_shops, shop, portal_sewer_entry_a,
          uniq_eustachio, uniq_duvessa, uniq_grinder, uniq_edmund
D:6:      layout_basic
D:7:      layout_cave_pods, gammafunk_temple_overflow_claw,
          kennysheep_generic_room_14
D:8:      layout_basic, david_lair_shrubbed, uniq_harold
D:9:      layout_gridville, orc_0_dummy, special_room [special_room_orc]
Temple:   minmay_temple_bridge_abc

Skill      XL: |  1  2  3  4  5  6  7  8  9 |
---------------+----------------------------+-----
Unarmed Combat | 4 5 6 8 9 11 13 | 13.9
Invocations    | 2 |  2.6
Fighting       | |  2.4
Dodging        | |  2.4
Stealth        | |  1.0

Action                   |  1- 3 |  4- 6 |  7- 9 | 10-12 || total
-------------------------+-------+-------+-------+-------++-------
Melee: Unarmed           |    64 |   149 |   273 |     5 ||   491
       Punch             |     1 |     3 |    15 |       ||    19
Throw: Stone             |    96 |   145 |   152 |     1 ||   394
Invok: Recall Undead Sla |       |       |     3 |       ||     3
  Use: Scroll            |     5 |       |    10 |       ||    15
 Stab: Distracted        |       |       |     2 |       ||     2
Armor: Robe              |    22 |    32 |    82 |     1 ||   137
Dodge: Dodged            |    28 |    68 |   117 |     5 ||   218

Table legend: (Time is in decaauts)
 A = Elapsed time spent in this place.
 B = Non-inter-level travel time spent in this place.
 C = Inter-level travel time spent in this place.
 D = Time resting spent in this place.
 E = Time spent auto-exploring this place.
 F = Levels seen in this place.
 G = Mean time per level.
                   A        B        C        D        E       F      G
               +--------+--------+--------+--------+--------+-----+--------+
         Total |   7382 |   7194 |    188 |    145 |   5645 |  11 |  671.1 |
       Dungeon |   6839 |   6651 |    188 |    113 |   5283 |   9 |  759.9 |
        Temple |     39 |     39 |      0 |     32 |      0 |   1 |   39.0 |
         Sewer |    504 |    504 |      0 |      0 |    362 |   1 |  504.0 |
               +--------+--------+--------+--------+--------+-----+--------+

Top non-repeatable levels by time:
     D:5: 899 daAuts
     D:7: 861 daAuts
     D:4: 814 daAuts
     D:2: 800 daAuts
     D:8: 773 daAuts
     D:3: 752 daAuts
     D:1: 721 daAuts
     D:6: 639 daAuts
     D:9: 576 daAuts
   Sewer: 504 daAuts
  Temple: 39 daAuts
